 Dungeon Crawl Stone Soup version 0.31-a0-675-g238779eb0a (webtiles) character file.

Game seed: 7495437677054928007

25019 arthad the Zephyrmancer (level 12, -5/101 HPs)
             Began as a Black Draconian Fire Elementalist on Sept 5, 2023.
             Was a High Priest of Vehumet.
             Slain by a phantasmal warrior (28 damage)
             ... led by a death knight
             ... on level 13 of the Dungeon.
             The game lasted 00:35:22 (15422 turns).

arthad the Zephyrmancer (DrFE)                     Turns: 15422, Time: 00:35:22

Health: -5/101     AC: 11    Str: 11    XL:     12   Next: 85%
Magic:  3/24       EV: 19    Int: 25    God:    Vehumet [*****.]
Gold:   2073       SH:  0    Dex: 11    Spells: 5/28 levels left

rFire   . . .        H - +6 war axe of Mothrogi {elec, Will+ Int+4 Stlth+}
rCold   . . .        (no shield)
rNeg    . . .        (body armour unavailable)
rPois   +            U - +1 hat
rElec   +            p - +0 cloak
rCorr   .            (no gloves)
SInv    .            q - +0 pair of boots
Will    +....        (no amulet)
Stlth   +++++        g - ring of poison resistance
HPRegen 0.36/turn    t - +5 ring of evasion
MPRegen 0.19/turn

%: no passive effects
@: short of breath, studying Stealth
A: breathe lightning, AC +8, unfitting armour, electricity resistance,
cold-blooded
a: Breathe Lightning, Renounce Religion


You were on level 13 of the Dungeon.
You worshipped Vehumet.
Vehumet was extremely pleased with you.
You visited 2 branches of the dungeon, and saw 14 of its levels.
You also visited: Bailey.

You collected 2073 gold pieces.

Inventory:

Hand Weapons
 v - a +0 quick blade
 w - a +1 war axe of flaming
 H - the +6 war axe of Mothrogi (weapon) {elec, Will+ Int+4 Stlth+}
   (You found it on level 11 of the Dungeon)

   Int+4:     It affects your intelligence (+4).
   Will+:     It increases your willpower.
   Stlth+:    It makes you more stealthy.
 M - the +4 hand axe "Riex" {venom, SInv}
   (You found it on level 9 of the Dungeon)

   SInv:      It lets you see invisible.
Armour
 p - a +0 cloak (worn)
 q - a +0 pair of boots (worn)
 U - a +1 hat (worn)
Jewellery
 g - a ring of poison resistance (left hand)
 t - a +5 ring of evasion (right hand)
 O - a ring of ice
 R - a ring of positive energy
Wands
 k - a wand of flame (60)
 r - a wand of digging (6)
 N - a wand of roots (11)
 S - a wand of polymorph (6)
Scrolls
 e - a scroll of fog {unknown}
 f - 3 scrolls of teleportation
 h - 3 scrolls of blinking
 i - 2 scrolls of poison
 j - a scroll of torment
 l - 2 scrolls of revelation
 m - 4 scrolls of immolation
 s - 2 scrolls of vulnerability
 x - a scroll of amnesia {unknown}
 y - a scroll of silence {unknown}
 D - 8 scrolls of enchant armour
 E - 5 scrolls of enchant weapon
 I - 2 scrolls of fear {unknown}
 J - 5 scrolls of identify
 T - a scroll of noise {unknown}
Potions
 a - 2 potions of attraction
 b - 2 potions of heal wounds
 c - 8 potions of curing
 d - a potion of haste
 n - 5 potions of brilliance {unknown}
 o - 3 potions of magic
 u - 5 potions of might {unknown}
 z - 3 potions of cancellation {unknown}
 A - a potion of experience {unknown}
 B - 2 potions of invisibility {unknown}
 C - a potion of resistance {unknown}
 F - a potion of mutation {unknown}
 G - 2 potions of berserk rage {unknown}
 L - a potion of lignification {unknown}
 P - a potion of degeneration {unknown}
 Q - a potion of enlightenment {unknown}


   Skills:
 + Level 7.8 Fighting
 + Level 7.4 Dodging
 + Level 8.7 Stealth
 * Level 8.6 Spellcasting
 * Level 9.2 Conjurations
 * Level 9.6 Fire Magic
 * Level 9.9 Air Magic


You had 5 spell levels left.
You knew the following spells:

 Your Spells              Type           Power      Damage    Failure   Level
a - Foxfire               Conj/Fire      100%       2x1d9     1%          1
b - Scorch                Fire           100%       2d9       1%          2
c - Flame Wave            Conj/Fire      55%        2d13      1%          4
d - Swiftness             Air            57%        N/A       1%          3
e - Conjure Ball Lightni  Conj/Air       28%        3x3d8     4%          6
f - Orb of Destruction    Conj           27%        9d9       26%         7

Your spell library contained the following spells:

 Spells                   Type           Power      Damage    Failure   Level
 Kiss of Death            Conj/Necr      100%       2d13      1%          1
 Hailstorm                Conj/Ice       34%        3d9       1%          3
 Inner Flame              Hex/Fire       35%        N/A       1%          3
 Volatile Blastmotes      Fire/Tloc      70%        2d15      1%          3
 Irradiate                Conj/Tmut      17%        3d17      7%          5
 Sublimation of Blood     Necr           10%        N/A       9%          2
 Confusing Touch          Hex            10%        N/A       17%         3
 Ozocubu's Armour         Ice            10%        N/A       17%         3
 Dispel Undead            Necr           10%        3d9       50%         4
 Petrify                  Tmut/Erth      10%        N/A       50%         4
 Summon Ice Beast         Ice/Summ       10%        N/A       50%         4
 Simulacrum               Ice/Necr       5%         N/A       100%        6
 Ozocubu's Refrigeration  Ice            5%         4d8       100%        7
 Chain Lightning          Conj/Air       28%        3d37      100%        9


Dungeon Overview and Level Annotations

Branches:
Dungeon (13/15)            Temple (1/1) D:7            Lair (0/5) D:10
    Orc (0/2) D:11         Bailey (visited)
 Vaults: D:13-14

Altars:
Ashenzari
Cheibriados
Dithmenos
Elyvilon
Fedhas
Gozag
Hepliaklqana
Kikubaaqudgha
Makhleb
Nemelex Xobeh
Okawaru
Qazlal
Ru
Sif Muna
Trog
Uskayaw
Vehumet
Wu Jian
Xom
Yredelemnul
Zin
The Shining One

Shops:
D:2 [   D:3 :


Innate Abilities, Weirdness & Mutations

You can breathe wild blasts of lightning.
Your glossy black scales are hard. (AC +8)
You cannot fit into any form of body armour.
You are resistant to electric shocks. (rElec)
You are cold-blooded and may be slowed by cold attacks.


Message History

(Press . to intensify the flame waves.)
Your ball lightning explodes!
The blast of lightning engulfs the death knight!
The death knight is almost dead.
The blast of lightning engulfs the skeletal warrior!
The skeletal warrior is severely damaged.
The blast of lightning engulfs you. You resist.
The blast of lightning engulfs your ball lightning.
Your ball lightning completely resists.
The death knight barely misses you.
Your ball lightning explodes!
The blast of lightning engulfs you. You resist.
The blast of lightning engulfs the skeletal warrior!
The skeletal warrior is almost destroyed.
The blast of lightning engulfs the death knight!
The death knight is almost dead.
You hear a shout!
A wave of flame ripples out!
The flame wave engulfs the death knight!
You kill the death knight!
Vehumet accepts your kill.
You feel your power returning.
The flame wave engulfs the skeletal warrior!
You destroy the skeletal warrior!
Vehumet accepts your kill.
You feel your power returning.
A wave of flame ripples out!
The flame wave engulfs the phantasmal warrior.
The phantasmal warrior is lightly damaged.
A wave of flame ripples out!
The flame wave engulfs the phantasmal warrior.
The phantasmal warrior is lightly damaged.
You finish channelling waves of flame.
The phantasmal warrior hits you!!
* * * LOW HITPOINT WARNING * * *
Casting: Flame Wave (safe; 1% risk of failure)
Confirm with . or Enter, or press ? or * to list all spells.
You create some ball lightning! 3 ball lightnings come into view.
The phantasmal warrior hits you!!
You die...

#.##.#.#.########..^..#.##...#
#.##.#.#.# #####.#.##.#.#
#.##.#.#.# #......#^#
#.##.#.#.###### ######..##.#.#
#.#...........# #............#
#.####.#.####.# #.#####.##.###
#......#.# #.# #.# #.##.# #
########.# ##*###.# #.##.# #
#.# #.@..#.# #..#.### #.#
#W.#.#.# ##...##. ..#.*)*#.#.#
##..##. ###.#... #.# ##.##.
#.######.########.##. #
#.............#.##.
#.####.######.#.##. #.####...#
#.#.##. #........# #.#.###


You could see a phantasmal warrior (ally target) and 3 friendly ball lightnings.

Vanquished Creatures
  Kirke (D:12)
  3 boulder beetles
  3 two-headed ogres
  A death knight (D:13)
  A skeletal warrior (D:13)
  Pikel (D:8)
  2 deep elf pyromancers
  A phantasmal warrior (D:13)
  2 orc knights (Bailey)
  A wolf spider zombie (D:8)
  5 cyclopes
  2 centaur zombies (D:8)
  3 centaur skeletons (D:8)
  An unseen horror (D:10)
  Maggie (D:7)
  A kobold demonologist (D:11)
  A tengu conjurer (D:13)
  A troll (D:11)
  Grinder (D:3)
  2 hellwings (D:8)
  Sigmund (D:2)
  16 yaks
  A shadow (D:12)
  8 slime creatures (D:12)
  2 wyverns (D:10)
  2 wraiths
  A basilisk (D:13)
  3 vampire mosquitoes (D:10)
  2 steam dragons
  4 hogs
  An acid dragon (D:12)
  A water moccasin (D:9)
  Pargi (D:4)
  12 orc warriors
  3 ice beasts
  2 sky beasts
  2 ogres
  3 black bears
  3 centaurs
  2 phantoms (D:4)
  6 kobold brigands
  5 bullfrogs
  4 scorpions
  A gnoll sergeant (D:12)
  3 wights (D:10)
  12 killer bees
  An electric eel (D:10)
  4 howler monkeys
  2 hounds (D:6)
  A jelly (D:6)
  2 orc priests
  Ijyb (D:3)
  2 iguanas
  6 orc wizards
  3 sleepcaps
  3 adders
  3 gnolls (D:4)
  8 shadow imps
  2 white imps
  An ufetubus (D:4)
  2 worms
  A dart slug (D:1)
  33 orcs
  3 ball pythons
  4 endoplasms
  4 giant cockroaches
  7 goblins
  4 hobgoblins
  4 quokkas
  3 bats
  5 frilled lizards
  39 kobolds
  9 kobold skeletons (D:11)
  9 kobold zombies (D:11)
  5 rats
306 creatures vanquished.

Vanquished Creatures (collateral kills)
  A ball lightning (D:12)
  2 foxfires (D:10)
3 creatures vanquished.

Vanquished Creatures (others)
  A kobold brigand (D:10)
  101 ball lightnings
  793 foxfires
895 creatures vanquished.

Grand Total: 1204 creatures vanquished

Notes
Turn   | Place    | Note
-------+----------+-------------------------------------------
     0 | D:1      | arthad the Draconian Fire Elementalist began the quest for
                  | the Orb.
     0 | D:1      | Reached XP level 1. HP: 14/14 MP: 3/3
   588 | D:1      | Reached XP level 2. HP: 17/20 MP: 3/5
  1048 | D:2      | Learned a level 2 spell: Scorch
  1176 | D:2      | Found Unaquga's Armour Boutique.
  1239 | D:2      | Noticed Sigmund
  1249 | D:2      | Killed Sigmund
  1250 | D:2      | Reached XP level 3. HP: 12/26 MP: 1/7
  1250 | D:2      | Reached XP level 4. HP: 16/33 MP: 1/8
  1250 | D:2      | Reached XP level 5. HP: 18/38 MP: 1/9
  2108 | D:3      | Noticed Ijyb
  2111 | D:3      | Noticed an ogre
  2121 | D:3      | Found Puxac's Book Boutique.
  2189 | D:4      | Found a stormy altar of Qazlal.
  2189 | D:4      | Noticed a sky beast
  2198 | D:3      | Killed Ijyb
  2730 | D:3      | Noticed Grinder
  2745 | D:3      | Killed Grinder
  2746 | D:3      | Reached XP level 6. HP: 29/45 MP: 0/11
  2854 | D:3      | Found a faded altar of an unknown god.
  2910 | D:3      | Your scales start taking on a glossy black colour.
  2910 | D:3      | Reached XP level 7. HP: 21/50 MP: 4/12
  2910 | D:3      | Gained mutation: You are resistant to electric shocks.
                  | (rElec) [Black Draconian growth]
  3280 | D:4      | Found a shimmering blue altar of Sif Muna.
  3514 | D:4      | Got the Lectures on Nephomancy
  3665 | D:4      | Reached skill level 1 in Fighting
  3668 | D:4      | Reached skill level 1 in Air Magic
  3807 | D:4      | Noticed Pargi
  3813 | D:4      | Killed Pargi
  4071 | D:4      | Reached XP level 8. HP: 61/61 MP: 1/14
  4232 | D:4      | Reached skill level 5 in Fire Magic
  4461 | D:5      | Entered Level 5 of the Dungeon
  4909 | D:5      | Found a white marble altar of Elyvilon.
  5694 | D:6      | Found a broken altar of Ashenzari.
  5698 | D:6      | Found a sparkling altar of Nemelex Xobeh.
  6497 | D:7      | Reached skill level 5 in Stealth
  6646 | D:7      | Noticed Maggie
  6659 | D:7      | Killed Maggie
  6660 | D:7      | Reached XP level 9. HP: 44/71 MP: 2/16
  6923 | D:7      | Found a staircase to the Ecumenical Temple.
  6935 | Temple   | Entered the Ecumenical Temple
  6945 | Temple   | Became a worshipper of Vehumet
  7341 | D:8      | Reached skill level 5 in Dodging
  7341 | D:8      | Reached skill level 5 in Spellcasting
  7341 | D:8      | Reached skill level 5 in Conjurations
  7506 | D:8      | Found a flagged portal.
  7541 | Bailey   | Entered a bailey
  7854 | Bailey   | Noticed an orc knight
  7858 | Bailey   | Killed an orc knight
  7858 | Bailey   | Reached * piety under Vehumet
  7858 | Bailey   | Offered knowledge of Magic Dart by Vehumet.
  7859 | Bailey   | Reached skill level 5 in Air Magic
  7871 | Bailey   | Noticed an orc knight
  7890 | Bailey   | Reached skill level 5 in Fighting
  7893 | Bailey   | Killed an orc knight
  7894 | Bailey   | Reached XP level 10. HP: 32/81 MP: 0/18
  8229 | Bailey   | Acquired 1231 gold pieces
  8295 | D:7      | Learned a level 4 spell: Flame Wave
  8299 | D:7      | Learned a level 3 spell: Swiftness
  8696 | D:8      | Noticed Pikel
  8889 | D:8      | Killed Pikel
  9321 | D:8      | Reached XP level 11. HP: 70/89 MP: 8/20
  9325 | D:8      | Reached ** piety under Vehumet
  9325 | D:8      | Offered knowledge of Searing Ray by Vehumet.
  9333 | D:8      | Learned a level 6 spell: Conjure Ball Lightning
  9988 | D:9      | You fall into a shaft and drop 3 floors!
 10002 | D:11     | Found an ancient bone altar of Kikubaaqudgha.
 10008 | D:11     | Offered knowledge of Frozen Ramparts by Vehumet.
 10012 | D:11     | Reached *** piety under Vehumet
 10214 | D:11     | Identified the +6 war axe of Mothrogi {elec, Will+ Int+4
                  | Stlth+}
 10287 | D:10     | Entered Level 10 of the Dungeon
 10308 | D:10     | Found an opulent altar of Gozag.
 10389 | D:9      | Noticed a two-headed ogre
 10394 | D:9      | Offered knowledge of Stone Arrow by Vehumet.
 10397 | D:9      | Killed a two-headed ogre
 10636 | D:9      | Identified the +4 hand axe "Riex" {venom, SInv}
 10752 | D:9      | Noticed a deep elf pyromancer
 10757 | D:9      | Killed a deep elf pyromancer
 10817 | D:9      | Noticed a two-headed ogre
 10821 | D:9      | Reached **** piety under Vehumet
 10826 | D:9      | Killed a two-headed ogre
 11096 | D:9      | Found a sacrificial altar of Ru.
 11226 | D:10     | Offered knowledge of Mephitic Cloud by Vehumet.
 11507 | D:10     | Found a staircase to the Lair.
 12409 | D:11     | Found a staircase to the Orcish Mines.
 12498 | D:11     | Noticed a boulder beetle
 12932 | D:11     | Killed a boulder beetle
 12933 | D:11     | Reached XP level 12. HP: 26/100 MP: 15/23
 13231 | D:11     | Found an opulent altar of Gozag.
 13312 | D:12     | Noticed Kirke
 13595 | D:12     | Noticed a sphinx
 13596 | D:12     | Killed Kirke
 13837 | D:12     | Noticed a two-headed ogre
 13837 | D:12     | Noticed a boulder beetle
 13843 | D:12     | Killed a two-headed ogre
 13845 | D:12     | Killed a boulder beetle
 13975 | D:12     | Reached ***** piety under Vehumet
 14093 | D:12     | Noticed a boulder beetle
 14106 | D:12     | Offered knowledge of Orb of Destruction by Vehumet.
 14332 | D:12     | Killed a boulder beetle
 14644 | D:12     | Learned a level 7 spell: Orb of Destruction
 15412 | D:13     | Noticed a death knight
 15419 | D:13     | Killed a death knight
 15422 | D:13     | Slain by a phantasmal warrior

Illustrated notes

Levels and vault maps discovered:
D:1:      psy_arrival_radial02, layout_loops_ring
D:2:      layout_loops_ring, serial_shops, shop, guppyfry_early_lair_pool,
          uniq_sigmund
D:3:      layout_loops_cross, dreamdust_ecumenical_altar_angels_and_demons,
          serial_shops, nicolae_shop_window_shopping, uniq_grinder, uniq_ijyb
D:4:      layout_loops_cross, nicolae_qazlal_beasts_of_the_sky,
          kennysheep_little_box, minmay_misc_feat_chi,
          minmay_misc_feat_more_columns, uniq_pargi
D:5:      layout_basic, elyvilon_altar_4
D:6:      layout_rooms, chequers_temple_overflow_statue_of_worship,
          minmay_crystal_water
D:7:      layout_rooms, minmay_temple_entry_glassed_door,
          dreamdust_princess_corridor, uniq_maggie
D:8:      cheibrodos_grave_circle, layout_basic, enter_bailey_3, uniq_pikel
D:9:      layout_small_grid, nicolae_ru_path_of_blood, guppyfry_early_elven_hall
D:10:     cheibrodos_helix_gallery, layout_loops_ring,
          mainiacjoe_overflow_alcove_1, grunt_lair_entry_orc_guard_hut
D:11:     wander_kiku_kobolds, layout_long_grid, orc_0_dummy,
          grunt_gozag_statues
D:12:     layout_roguey, minmay_misc_feat_five, drop_trap, minmay_circle_x,
          uniq_kirke
D:13:     layout_basic
Temple:   hellmonk_temple_of_storms

Skill      XL: |  1  2  3  4  5  6  7  8  9 10 11 12 |
---------------+-------------------------------------+-----
Stealth        | 2 3 4 5 6 7 8 |  8.7
Dodging        | 2 3 4 5 6 7 |  7.4
Conjurations   | 2 3 4 5 6 8 9 |  9.2
Spellcasting   | 3 4 5 6 7 8 |  8.6
Fire Magic     | 4 5 6 7 8 9 |  9.6
Fighting       | 1 3 5 6 7 |  7.8
Air Magic      | 1 3 5 6 8 9 |  9.9

Action                     |  1- 3 |  4- 6 |  7- 9 | 10-12 || total
---------------------------+-------+-------+-------+-------++-------
  Melee: Unarmed           |       |     2 |    11 |       ||    13
         Tailslap          |       |       |     4 |     5 ||     9
         War axe           |       |       |       |    16 ||    16
   Cast: Foxfire           |    32 |    55 |   229 |   135 ||   451
         Scorch            |     3 |     7 |    39 |    67 ||   116
         Flame Wave        |       |       |       |    30 ||    30
         Conjure Ball Ligh |       |       |       |    39 ||    39
Ability: Breathe Lightning |       |       |     3 |     9 ||    12
  Evoke: Wand              |       |     2 |       |    14 ||    16
    Use: Potion            |     1 |       |     3 |     6 ||    10
         Scroll            |       |     3 |    12 |     4 ||    19
 Armour: Skin              |     6 |    14 |    69 |   250 ||   339
  Dodge: Dodged            |     9 |     7 |    88 |   234 ||   338

Table legend: (Time is in decaauts)
 A = Elapsed time spent in this place.
 B = Non-inter-level travel time spent in this place.
 C = Inter-level travel time spent in this place.
 D = Time resting spent in this place.
 E = Time spent auto-exploring this place.
 F = Levels seen in this place.
 G = Mean time per level.
                   A        B        C        D        E       F      G
               +--------+--------+--------+--------+--------+-----+--------+
         Total |  15445 |  14999 |    446 |   1597 |  11486 |  15 | 1029.7 |
       Dungeon |  14734 |  14288 |    446 |   1448 |  11105 |  13 | 1133.4 |
        Temple |     17 |     17 |      0 |      0 |      0 |   1 |   17.0 |
        Bailey |    693 |    693 |      0 |    149 |    381 |   1 |  693.0 |
               +--------+--------+--------+--------+--------+-----+--------+

Top non-repeatable levels by time:
    D:11: 1466 daAuts
     D:8: 1452 daAuts
     D:4: 1362 daAuts
     D:7: 1273 daAuts
    D:12: 1193 daAuts
     D:3: 1186 daAuts
    D:10: 1134 daAuts
     D:9: 1131 daAuts
     D:1: 1038 daAuts
     D:5: 1034 daAuts
     D:6: 956 daAuts
     D:2: 873 daAuts
  Bailey: 693 daAuts
    D:13: 631 daAuts
  Temple: 17 daAuts
